Map: Port Aleksander LE

Players

Geralt (Gerald)

  • Race: Protoss Protoss
  • League: Grandmaster
  • Spawn Location: 5:00

HellraiseR - Winner!

  • Race: Protoss Protoss
  • League: Master
  • Spawn Location: 11:00

Event: 2019 WCS Winter Europe

VOD

Have the link to the VOD?

Description

Time

  • Played on: Feb. 3, 2019, 10:38 a.m.
  • Length: 5:24

All games in this series

Show
View Real Time Build Order
Export as new Build Order

Geralt Protoss 

Build Orders: Phoenix Opening 

Get SALT Encoding   

  12  0:02  Probe  
  13  0:14  Probe  
  13  0:18  Pylon  
  14  0:25  Probe  
  15  0:33  Probe  
  15  0:40  Gateway  
  15  0:41  Probe  
  16  0:47  Assimilator  
  17  0:53  Probe  
  17  0:56  Assimilator  
  18  1:01  Probe  
  18  1:09  Probe  
  19  1:17  Gateway  
  20  1:19  Probe  
  21  1:28  Cybernetics Core  
  21  1:31  Probe  
  22  1:37  Pylon  
  22  1:43  Probe  
  23  1:55  Probe  
  23  1:57  Warp Gate  
  24  2:05  Sentry  
  28  2:08  Pylon  
  28  2:14  Pylon  
  28  2:21  Probe  
  27  2:31  Stargate  
  27  2:35  Probe  
  28  2:41  Nexus  
  27  2:50  Stalker  
  29  2:56  Stalker  
  31  3:00  Probe  
  32  3:06  Phoenix  
  32  3:16  Probe  
  32  3:19  Pylon  
  35  3:29  Phoenix  
  37  3:38  Probe  
  38  3:46  Forge  
  38  3:53  Probe  
  38  3:54  Pylon  
  40  3:59  Phoenix  
  41  4:03  Probe  
  43  4:15  Stalker  
  43  4:16  Stalker  
  38  4:38  Phoenix  
  38  4:42  Stalker x2  
  41  4:51  Probe  
  31  5:01  Stalker x2  
Show
View Real Time Build Order
Export as new Build Order

HellraiseR Protoss - Winner!

Build Orders: Phoenix Opening 

Get SALT Encoding   

  12  0:00  Probe  
  13  0:13  Probe  
  14  0:18  Pylon  
  14  0:24  Probe  
  15  0:32  Probe  
  15  0:39  Gateway  
  15  0:40  Probe  
  16  0:47  Assimilator  
  17  0:50  Probe  
  17  0:55  Assimilator  
  18  0:58  Probe  
  19  1:08  Probe  
  19  1:09  Gateway  
  20  1:20  Probe  
  21  1:27  Cybernetics Core  
  21  1:32  Probe  
  22  1:37  Pylon  
  22  1:44  Probe  
  23  1:54  Warp Gate  
  23  1:56  Probe  
  24  2:03  Stalker  
  24  2:04  Sentry  
  28  2:08  Probe  
  28  2:15  Pylon  
  29  2:30  Stalker  
  29  2:33  Stalker  
  29  2:34  Probe  
  34  2:37  Phoenix  
  34  2:56  Nexus  
  34  3:05  Stalker  
  36  3:10  Stalker  
  38  3:13  Probe  
  39  3:21  Pylon  
  39  3:32  Shield Battery  
  39  3:39  Probe  
  40  3:44  Stalker  
  42  3:48  Stalker  
  44  3:56  Twilight Council  
  44  3:57  Probe  
  45  4:07  Stalker  
  45  4:09  Probe  
  48  4:10  Probe  
  49  4:21  Probe  
  49  4:22  Probe  
  49  4:27  Stalker  
  49  4:31  Stalker  
  49  4:33  Probe  
  49  4:35  Probe  
  51  4:41  Probe  
  51  4:43  Probe  
  50  4:49  Probe  
  50  4:51  Probe  
  51  5:00  Probe  
  51  5:06  Probe  
  53  5:10  Stalker x2  
  53  5:14  Robotics Facility  
Tags
 
Add a new tag
Caveats
  • Supply blocks, unpowered buildings, or Contaminate may cause inaccurate times.
  • Supply counts are checked every 10 seconds.